 Dungeon Crawl Stone Soup version 0.26-a0-652-gafc20e3620 (webtiles) character file.

Game seed: 13680797384144048239

206 Megalobster the Insei (level 5, 0/41 HPs)
             Began as a Gnoll Transmuter on Oct 2, 2020.
             Killed by nerve-wracking pain
             ... invoked by an orc priest
              (11 damage)
             ... on level 4 of the Dungeon.
             The game lasted 00:09:39 (3514 turns).

Megalobster the Insei (Gnoll Transmuter)            Turns: 3514, Time: 00:09:40

Health: 0/41       AC:  3    Str: 13    XL:     5   Next: 84%
Magic:  12/12      EV: 15    Int: 16    God:
Gold:   235        SH:  0    Dex: 15    Spells: 11/14 levels left

rFire    x . .     SeeInvis .   h - +0 dagger (speed)
rCold    + . .     Faith    .   (no shield)
rNeg     . . .     Spirit   .   a - +0 robe
rPois    .         Reflect  .   (no helmet)
rElec    .         Harm     .   (no cloak)
rCorr    .         Rampage  .   o - +0 pair of gloves
MR       .....                  (no boots)
Stlth    ++........             (no amulet)
HPRegen  0.13/turn              l - ring of ice
MPRegen  0.13/turn              (no ring)

@: no status effects
A: distributed training, fangs 1, strong nose
a: no special abilities


You were on level 4 of the Dungeon.
You visited 1 branch of the dungeon, and saw 4 of its levels.

You collected 235 gold pieces.

Inventory:

Hand Weapons
 b - a +0 short sword
 d - a +0 broad axe
 h - a +0 dagger of speed (weapon)
 q - a +0 rapier
 x - a +0 mace
Missiles
 f - 114 stones (quivered)
 u - 4 boomerangs
Armour
 a - a +0 robe (worn)
 m - a +0 leather armour
 o - a +0 pair of gloves (worn)
 v - a +0 scale mail
 w - a +0 scale mail
 A - a +0 ring mail
Jewellery
 l - a ring of ice (left hand)
Scrolls
 g - 3 scrolls of noise
 k - 2 scrolls of random uselessness
 p - a scroll of amnesia {unknown}
 s - a scroll of immolation {unknown}
 t - 2 scrolls of teleportation {unknown}
 y - a scroll of enchant weapon {unknown}
Potions
 c - 3 potions of brilliance
 e - a potion of degeneration {unknown}
 i - a potion of stabbing {unknown}
 j - a potion of berserk rage
 n - a potion of mutation {unknown}
 r - a potion of invisibility {unknown}
 z - a potion of flight {unknown}


   Skills:
 + Level 3.1 Fighting
 + Level 1.6 Short Blades
 + Level 1.6 Long Blades
 + Level 1.6 Axes
 + Level 1.6 Maces & Flails
 + Level 1.6 Polearms
 + Level 1.6 Staves
 + Level 1.6 Slings
 + Level 1.6 Bows
 + Level 1.6 Crossbows
 + Level 1.6 Throwing
 + Level 1.6 Armour
 + Level 4.8 Dodging
 + Level 1.6 Stealth
 + Level 1.6 Shields
 + Level 6.7 Unarmed Combat
 + Level 5.2 Spellcasting
 + Level 1.3 Conjurations
 + Level 1.3 Hexes
 + Level 1.3 Summonings
 + Level 1.3 Necromancy
 + Level 1.3 Translocations
 + Level 4.0 Transmutations
 + Level 1.3 Fire Magic
 + Level 1.3 Ice Magic
 + Level 1.3 Air Magic
 + Level 1.3 Earth Magic
 + Level 1.3 Poison Magic
 + Level 1.9 Invocations
 + Level 1.6 Evocations


You had 11 spell levels left.
You knew the following spells:

 Your Spells              Type           Power        Failure   Level
a - Beastly Appendage     Tmut           ###...       2%          1
b - Wereblood             Tmut           ###.....     4%          2

Your spell library contained the following spells:

 Spells                   Type           Power        Failure   Level
 Spider Form              Tmut/Pois      ##........   14%         3
 Ice Form                 Ice/Tmut       ###.....     43%         4
 Blade Hands              Tmut           ###.......   61%         5


Dungeon Overview and Level Annotations

Branches:
Dungeon (4/15)
 Temple: D:4-7

Altars:


Innate Abilities, Weirdness & Mutations

Your experience applies equally to all skills.
You have very sharp teeth.
Your uncanny sense of smell can sniff out nearby items.


Message History

The dart slug is almost dead.
The dart slug bites you.
You take 2 damage, and have 26/41 hp.
You hit the dart slug but do no damage. You claw the dart slug.
You kill the dart slug!
Your horns disappear.
Your talons disappear.
You see here a dart slug corpse.
An orc wizard comes into view. It is wielding a +0 dagger.
An orc priest comes into view. It is wielding a +0 club.
An orc comes into view. It is wielding a +0 flail. x2
Found 15 poisoned darts.
The orc shouts!
The orc priest shouts!
The orc priest calls down the wrath of Beogh upon you.
Beogh smites you!
* * * LOW HITPOINT WARNING * * *
The orc shouts!
You take 16 damage, and have 11/41 hp.
MASSIVE DAMAGE!!
The orc priest invokes the aid of Beogh against you.
Pain shoots through your body!
You die...

... ... (.. ... ######
####'##....## # ............# #
............# # o.o.o.......# #
..o.....@...# #
##.######..##############
#'######...............#
#.'.........†....†......
..#..........)......#..<
##..##...##.......#... ### ###
#...##..##...##.. # ###.#
...#...##'###...##..
..##...##+###...#....#..#....#...


You could see an orc priest and 2 orcs.

Vanquished Creatures
  A hound (D:4)
  An orc wizard (D:4)
  A worker ant (D:4)
  4 adders
  A worm (D:2)
  4 dart slugs
  6 leopard geckos
  8 orcs
  8 bats
  2 giant cockroaches
  5 goblins
  5 hobgoblins
  4 jackals (D:3)
  7 kobolds (D:1)
  A ball python (D:4)
  3 frilled lizards
  4 rats
65 creatures vanquished.

Notes
Turn   | Place    | Note
-------+----------+-------------------------------------------
     0 | D:1      | Megalobster the Gnoll Transmuter began the quest for the
                  | Orb.
     0 | D:1      | Reached XP level 1. HP: 17/17 MP: 6/6
   357 | D:1      | Reached XP level 2. HP: 22/23 MP: 7/7
   849 | D:1      | Reached XP level 3. HP: 28/28 MP: 9/9
   853 | D:1      | Learned a level 2 spell: Wereblood
   934 | D:1      | Reached skill level 5 in Spellcasting
  2041 | D:2      | Reached skill level 1 in Invocations
  2437 | D:2      | Found a faded altar of an unknown god.
  2616 | D:3      | Reached skill level 1 in Short Blades
  2616 | D:3      | Reached skill level 1 in Long Blades
  2616 | D:3      | Reached skill level 1 in Axes
  2616 | D:3      | Reached skill level 1 in Maces & Flails
  2616 | D:3      | Reached skill level 1 in Polearms
  2616 | D:3      | Reached skill level 1 in Staves
  2616 | D:3      | Reached skill level 1 in Slings
  2616 | D:3      | Reached skill level 1 in Bows
  2616 | D:3      | Reached skill level 1 in Crossbows
  2616 | D:3      | Reached skill level 1 in Throwing
  2616 | D:3      | Reached skill level 1 in Armour
  2616 | D:3      | Reached skill level 1 in Stealth
  2616 | D:3      | Reached skill level 1 in Shields
  2616 | D:3      | Reached skill level 1 in Evocations
  2629 | D:3      | Reached XP level 4. HP: 31/34 MP: 9/11
  2794 | D:3      | Reached skill level 1 in Conjurations
  2794 | D:3      | Reached skill level 1 in Hexes
  2794 | D:3      | Reached skill level 1 in Summonings
  2794 | D:3      | Reached skill level 1 in Necromancy
  2794 | D:3      | Reached skill level 1 in Translocations
  2794 | D:3      | Reached skill level 1 in Fire Magic
  2794 | D:3      | Reached skill level 1 in Ice Magic
  2794 | D:3      | Reached skill level 1 in Air Magic
  2794 | D:3      | Reached skill level 1 in Earth Magic
  2794 | D:3      | Reached skill level 1 in Poison Magic
  3179 | D:4      | Reached XP level 5. HP: 25/40 MP: 8/12
  3514 | D:4      | Killed from afar by an orc priest

Illustrated notes

Levels and vault maps discovered:
D:1:      scummos_arrival_simple_crosswalls, layout_loops_corners
D:2:      minmay_wonky_spiral, layout_loops_ring,
          chequers_ecumenical_altar_lobes
D:3:      layout_rooms
D:4:      layout_gridville, minmay_temple_entry_antechambers, trog_book

Skill      XL: |  1  2  3  4  5 |
---------------+----------------+-----
Spellcasting   | 5 |  5.2
Invocations    | 1 |  1.9
Short Blades   | 1 |  1.6
Long Blades    | 1 |  1.6
Axes           | 1 |  1.6
Maces & Flails | 1 |  1.6
Polearms       | 1 |  1.6
Staves         | 1 |  1.6
Slings         | 1 |  1.6
Bows           | 1 |  1.6
Crossbows      | 1 |  1.6
Throwing       | 1 |  1.6
Armour         | 1 |  1.6
Stealth        | 1 |  1.6
Shields        | 1 |  1.6
Evocations     | 1 |  1.6
Conjurations   | 1 |  1.3
Hexes          | 1 |  1.3
Summonings     | 1 |  1.3
Necromancy     | 1 |  1.3
Translocations | 1 |  1.3
Fire Magic     | 1 |  1.3
Ice Magic      | 1 |  1.3
Air Magic      | 1 |  1.3
Earth Magic    | 1 |  1.3
Poison Magic   | 1 |  1.3
Fighting       | 3 |  3.1
Transmutations | 4 |  4.0
Dodging        | |  4.8
Unarmed Combat | |  6.7

Action                   |  1- 3 |  4- 6 || total
-------------------------+-------+-------++-------
Melee: Short sword       |    32 |       ||    32
       Bite              |    20 |    16 ||    36
       Dagger            |   122 |   121 ||   243
       Kick              |     8 |    18 ||    26
       Punch             |     4 |     3 ||     7
       Headbutt          |     3 |     8 ||    11
 Cast: Beastly Appendage |     3 |     4 ||     7
       Wereblood         |     3 |     4 ||     7
  Use: Scroll            |     2 |     4 ||     6
       Potion            |       |     1 ||     1
 Stab: Sleeping          |     3 |     1 ||     4
Armor: Robe              |    23 |     6 ||    29
Dodge: Dodged            |    83 |    73 ||   156

Table legend: (Time is in decaauts)
 A = Elapsed time spent in this place.
 B = Non-inter-level travel time spent in this place.
 C = Inter-level travel time spent in this place.
 D = Time resting spent in this place.
 E = Time spent auto-exploring this place.
 F = Levels seen in this place.
 G = Mean time per level.
                   A        B        C        D        E       F      G
               +--------+--------+--------+--------+--------+-----+--------+
         Total |   3427 |   3297 |    130 |    635 |   2038 |   4 |  856.8 |
       Dungeon |   3427 |   3297 |    130 |    635 |   2038 |   4 |  856.8 |
               +--------+--------+--------+--------+--------+-----+--------+

Top non-repeatable levels by time:
     D:1: 1279 daAuts
     D:2: 1270 daAuts
     D:3: 463 daAuts
     D:4: 414 daAuts
